 Dungeon Crawl Stone Soup version 0.20.0-14-g326068f (webtiles) character file.

176 tuhats the Sneak (level 5, -3/24 HPs)
             Began as a Spriggan Enchanter on June 1, 2017.
             Splashed by an orc's acid (9 damage)
             ... on level 3 of the Dungeon on June 8, 2017.
             The game lasted 00:30:35 (5569 turns).

tuhats the Sneak (Spriggan Enchanter)               Turns: 5569, Time: 00:30:36

Health: -3/24      AC: -1    Str:  4    XL:     5   Next: 30%
Magic:  9/12       EV: 20    Int: 18    God:
Gold:   172        SH:  0    Dex: 16    Spells: 3/12 levels left

rFire    . . .     SeeInvis +   a - +1 dagger
rCold    . . .     Gourm    .   (shield restricted)
rNeg     . . .     Faith    .   b - +1 robe
rPois    .         Spirit   .   (helmet restricted)
rElec    .         Reflect  .   (no cloak)
rCorr    .         Harm     .   (gloves unavailable)
MR       .....                  (boots unavailable)
Stlth    +++.......             (no amulet)
Regen    0.1/turn               (no ring)
MPRegen  0.2/turn               (no ring)

@: corroded, very quick
A: unfitting armour, see invisible, herbivore 3, speed 3, slow metabolism 2
a: no special abilities


You were on level 3 of the Dungeon.
You were not hungry.

You visited 1 branch of the dungeon, and saw 3 of its levels.

You collected 172 gold pieces.

Inventory:

Hand Weapons
 a - a +1 dagger (weapon)
Armour
 b - a +1 robe (worn)
Scrolls
 g - a scroll of remove curse
 h - a scroll of identify
Potions
 d - a potion of might {unknown}
 f - 4 potions of lignification
 i - a potion of curing {unknown}
 m - a potion of heal wounds {unknown}
 o - a potion of invisibility
 q - a potion of mutation {unknown}
Books
 c - a book of Maledictions

   Spells                             Type                      Level
   a - Corona                         Hexes                        1
   b - Ensorcelled Hibernation        Hexes/Ice                    2
   c - Confuse                        Hexes                        3
   d - Tukima's Dance                 Hexes                        3
   e - Dazzling Spray                 Conjuration/Hexes            3


   Skills:
 - Level 1.1 Short Blades
 + Level 4.7 Dodging
 + Level 5.5 Stealth
 - Level 4.0 Spellcasting
 * Level 5.2 Hexes


You had 3 spell levels left.
You knew the following spells:

 Your Spells              Type           Power        Failure   Level  Hunger
a - Ensorcelled Hibernat  Hex/Ice        ##....       8%          2    ##.....
b - Corona                Hex            ###....      1%          1    None
c - Dazzling Spray        Conj/Hex       ##....       16%         3    ###....
d - Confuse               Hex            ###.....     4%          3    ###....


Dungeon Overview and Level Annotations

Branches:
Dungeon (3/15)

Altars:
Xom


Innate Abilities, Weirdness & Mutations

You are very small and have problems with some larger weapons.
You are too small for most types of armour.
You have supernaturally acute eyesight. (SInv)
You are a herbivore.
You cover ground extremely quickly.
You need consume almost no food.


Message History

You kill the frilled lizard!
You now have 172 gold pieces (gained 11).
d - a golden potion You see here a flail.
The orc is too close now for your liking.
The orc shouts!
Casting: Ensorcelled Hibernation
Confirm with . or Enter, or press ? or * to list all spells.
Aiming: Ensorcelled Hibernation
Press: ? - help, Shift-Dir - straight line, f - orc
Aim: an orc, wielding a short sword and wearing a scale mail (chance to defeat MR: 62%)
The orc looks drowsy...
The orc shouts!
The orc closely misses you.
You hit the orc but do no damage. The orc misses you.
The orc zaps a wand.
The bolt of acid hits you!
Ouch! That really hurt!
* * * LOW HITPOINT WARNING * * *
The acid corrodes you!
You are splashed with acid!
The acid burns!
You die...

....#.#......_.....#......
........?#.......#.##.....
####.##..#.......#........
####.#...##.....##........
...#.....####.####........
.....##...........o.......
........[.#...............
....................#.....
.....).<..#.....@.).# ...
.....)....#......†..# #
###.........####..#####
##.###.....###..##....
#......###..#†)##..# ##
#.................###..
#.....###..............
#....###..#......##...
##.#.....##......#..##


You could see an orc.

Vanquished Creatures
  A hound (D:2)
  4 gnolls
  2 adders (D:2)
  2 oozes
  A worm (D:2)
  2 dart slugs (D:1)
  2 leopard geckos (D:2)
  2 orcs (D:3)
  A ball python (D:3)
  3 bats
  3 giant cockroaches
  6 goblins
  6 hobgoblins
  7 jackals
  12 kobolds
  2 quokkas
  7 frilled lizards
  11 rats
74 creatures vanquished.

Notes
Turn   | Place    | Note
-------+----------+-------------------------------------------
     0 | D:1      | tuhats the Spriggan Enchanter began the quest for the Orb.
     0 | D:1      | Reached XP level 1. HP: 9/9 MP: 5/5
   697 | D:1      | Reached XP level 2. HP: 7/13 MP: 4/6
   702 | D:1      | Learned a level 2 spell: Ensorcelled Hibernation
  1803 | D:1      | Reached XP level 3. HP: 16/16 MP: 8/8
  3686 | D:2      | Reached skill level 5 in Stealth
  3686 | D:2      | Reached XP level 4. HP: 21/21 MP: 8/11
  3705 | D:2      | Learned a level 3 spell: Dazzling Spray
  3709 | D:2      | Learned a level 3 spell: Confuse
  5112 | D:3      | Found a shimmering altar of Xom.
  5171 | D:2      | Reached XP level 5. HP: 20/24 MP: 7/12
  5366 | D:2      | Reached skill level 5 in Hexes
  5379 | D:2      | Upgraded the game from 0.20.0-8-g6b59dc7 to 0.20.0-14-g326068f
  5569 | D:3      | Splashed by an orc's acid

Skill      XL: |  1  2  3  4  5 |
---------------+----------------+-----
Spellcasting   | 3 4 |  4.0
Hexes          | 4 5 |  5.2
Dodging        | 4 |  4.7
Stealth        | 5 |  5.5
Short Blades   | |  1.1

Action                   |  1- 3 |  4- 6 || total
-------------------------+-------+-------++-------
Melee: Dagger            |   133 |    57 ||   190
 Cast: Corona            |     8 |       ||     8
       Ensorcelled Hiber |    48 |    43 ||    91
       Dazzling Spray    |       |     1 ||     1
  Use: Scroll            |       |     8 ||     8
 Stab: Sleeping          |    32 |    19 ||    51
  Eat: Royal jelly       |     1 |       ||     1
       Bread ration      |       |     1 ||     1
Armor: Robe              |    15 |     3 ||    18
Dodge: Dodged            |   131 |    37 ||   168
